 Dungeon Crawl Stone Soup version 0.27-a0-1136-g0b992a5a9d (webtiles) character file.

Game seed: 6837912201200375718

217 siradein the Poker (level 5, 0/38 HPs)
             Began as a Demonspawn Gladiator on May 5, 2021.
             Slain by bande's ghost (8 damage)
             ... on level 3 of the Dungeon on May 6, 2021.
             The game lasted 00:07:26 (3354 turns).

siradein the Poker (Demonspawn Gladiator)           Turns: 3354, Time: 00:07:27

Health: 0/38       AC: 16    Str: 15    XL:     5   Next: 62%
Magic:  5/5        EV: 12    Int:  9    God:
Gold:   130        SH:  0    Dex: 15    Spells: 4/4 levels left

rFire    . . .     SeeInvis .   a - +0 trident
rCold    . . .     Faith    .   (no shield)
rNeg     . . .     Spirit   .   b - +0 leather armour
rPois    .         Reflect  .   c - +0 helmet
rElec    .         Harm     .   (no cloak)
rCorr    .         Rampage  .   h - +2 pair of gloves
Will     .....                  (no boots)
Stlth    +.........             (no amulet)
HPRegen  0.12/turn              (no ring)
MPRegen  0.09/turn              (no ring)

@: sanguine armoured
A: ignite blood 1, powered by pain 1, sanguine armour 2
a: no special abilities


You were on level 3 of the Dungeon.
You visited 1 branch of the dungeon, and saw 4 of its levels.

You collected 130 gold pieces.

Inventory:

Hand Weapons
 a - a +0 trident (weapon)
Missiles
 d - 3 throwing nets (quivered)
 j - 2 curare-tipped darts
Armour
 b - a +0 leather armour (worn)
 c - a +0 helmet (worn)
 h - a +2 pair of gloves (worn)
Scrolls
 f - 3 scrolls of vulnerability
 i - a scroll of amnesia {unknown}
Potions
 g - a potion of flight
 k - a potion of heal wounds
 l - a potion of berserk rage


   Skills:
 - Level 2.0 Fighting
 + Level 5.8 Polearms
 - Level 1.7 Throwing
 - Level 2.6 Dodging


You had 4 spell levels left.
You didn't know any spells.
Your spell library contained the following spells:

 Spells                   Type           Power      Damage    Failure   Level
 Freeze                   Ice            0%         1d3       45%         1
 Frozen Ramparts          Ice            0%         1d2       83%         3
 Ozocubu's Armour         Ice            0%         N/A       83%         3
 Hailstorm                Conj/Ice       0%         3d3       99%         4
 Metabolic Englaciation   Hex/Ice        0%         N/A       100%        5


Dungeon Overview and Level Annotations

Branches:
Dungeon (4/15)
 Temple: D:4-7

Altars:
Uskayaw

Annotations:
D:3 bande's ghost, amateur GrFi
D:4 Pikel


Innate Abilities, Weirdness & Mutations

Your demonic aura sometimes causes spilled blood to erupt in flames You sometimes gain a little power by taking damage.
When seriously injured, your bleeding wounds create thick armour. (AC +9)


Message History

You kill the kobold!
You feel very sick.
You puncture the kobold!
You kill the kobold!
You feel very sick.
Bande's ghost wails, "You will never get the ORB!"
You hit bande's ghost but do no damage.
Your blood congeals into armour.
You feel sick. Bande's ghost completely misses you.
You hit bande's ghost.
Bande's ghost is lightly damaged.
You feel sick. Bande's ghost hits you.
You hit bande's ghost.
Bande's ghost is lightly damaged.
You feel sick. Bande's ghost barely misses you.
You feel sick.
You feel sick.
You feel sick.
You feel sick.
You feel sick.
You are no longer poisoned.
Bande's ghost says, "You can hit me, but you can't hurt me."
You hit bande's ghost.
Bande's ghost is moderately damaged.
Bande's ghost hits you but does no damage.
You see here a +1 hat.
Bande's ghost shrieks, "There is no future for me!"
You puncture bande's ghost!
Bande's ghost is severely damaged.
Bande's ghost hits you.
You hit bande's ghost but do no damage.
Bande's ghost is severely damaged.
Bande's ghost hits you but does no damage.
You hit bande's ghost but do no damage.
Bande's ghost is severely damaged.
Bande's ghost hits you.
* * * LOW HITPOINT WARNING * * *
You hit bande's ghost.
Bande's ghost is severely damaged.
Bande's ghost hits you!
You die...

#.###.#........#
#KK...#
#.##....########
#K###.# #.##........#
#)# #.# #.##.######.#
#K# #.###
#.....#.###.# #.#
#...# ###...#.....#
#K# ##### #.#.......#
#.#
#.###.###.#########K#
#.....# #..@WK##.K..#
####### #####K##.####
#[##.# #...K# ######


You could see a kobold brigand, bande's ghost and a kobold.

Vanquished Creatures
  A necrophage (D:4)
  A hound (D:4)
  Robin (D:3)
  An adder (D:3)
  An adder skeleton (D:4)
  A worm (D:3)
  4 orcs (D:3)
  4 ball pythons
  8 endoplasms
  4 giant cockroaches
  8 hobgoblins
  2 jackals (D:2)
  4 bats
  14 goblins
  9 kobolds
  4 rats
67 creatures vanquished.

Vanquished Creatures (others)
  2 fungi (D:3)
  2 plants (D:3)
4 creatures vanquished.

Grand Total: 71 creatures vanquished

Notes
Turn   | Place    | Note
-------+----------+-------------------------------------------
     0 | D:1      | siradein the Demonspawn Gladiator began the quest for the
                  | Orb.
     0 | D:1      | Reached XP level 1. HP: 16/16 MP: 1/1
    49 | D:1      | Reached skill level 3 in Polearms
   112 | D:1      | Gained mutation: You sometimes gain a little power by
                  | taking damage. [demonic ancestry]
   112 | D:1      | Reached XP level 2. HP: 22/22 MP: 2/2
   186 | D:1      | Found a faded altar of an unknown god.
   616 | D:1      | Gained mutation: When seriously injured, your bleeding
                  | wounds create armour. (AC +9) [demonic ancestry]
   616 | D:1      | Reached XP level 3. HP: 27/27 MP: 3/3
  1046 | D:2      | Reached skill level 4 in Polearms
  1788 | D:3      | Gained mutation: When seriously injured, your bleeding
                  | wounds create thick armour. (AC +9) [demonic ancestry]
  1788 | D:3      | Reached XP level 4. HP: 15/33 MP: 4/4
  2003 | D:3      | Found a runed translucent gate.
  2004 | D:3      | Found a runed translucent gate.
  2004 | D:3      | Noticed a kobold brigand
  2005 | D:3      | Found a runed translucent gate.
  2009 | D:3      | Noticed bande's ghost (amateur GrFi)
  2493 | D:4      | Noticed a +0 short sword
  2493 | D:4      | Noticed a +0 short sword
  2494 | D:4      | Noticed a +0 falchion
  2494 | D:4      | Noticed a +0 spear
  2495 | D:4      | Noticed a +0 falchion
  2495 | D:4      | Noticed a +0 spear
  2496 | D:4      | Noticed a +0 dagger
  2496 | D:4      | Noticed a +0 dagger
  2501 | D:4      | Found a hide-covered altar of Uskayaw.
  2532 | D:4      | Noticed Robin
  2579 | D:3      | Reached skill level 5 in Polearms
  2822 | D:3      | Killed Robin
  3072 | D:4      | Noticed a necrophage
  3093 | D:4      | Killed a necrophage
  3094 | D:4      | Gained mutation: Your demonic aura sometimes causes spilled
                  | blood to erupt in flames [demonic ancestry]
  3094 | D:4      | Reached XP level 5. HP: 23/38 MP: 5/5
  3233 | D:4      | Noticed Pikel
  3233 | D:4      | Noticed a lemure
  3233 | D:4      | Noticed a lemure
  3233 | D:4      | Noticed a lemure
  3233 | D:4      | Noticed a lemure
  3354 | D:3      | Slain by bande's ghost

Illustrated notes

Levels and vault maps discovered:
D:1:      minmay_arrival_four_loops, layout_loops_ring,
          chequers_ecumenical_altar_simple
D:2:      layout_loops_ring
D:3:      layout_basic, gammafunk_ghost_nasty_kobolds, supply_closet_lemuel
D:4:      layout_cave_pools, nicolae_uskayaw_en_pointe,
          minmay_temple_entry_glassed_door, uniq_robin, uniq_pikel

Skill      XL: |  1  2  3  4 |
---------------+-------------+-----
Polearms       | 3 4 5 |  5.8
Fighting       | |  2.0
Throwing       | |  1.7
Dodging        | |  2.6

Action                   |  1- 3 |  4- 6 || total
-------------------------+-------+-------++-------
Melee: Trident           |   126 |    85 ||   211
  Use: Scroll            |     2 |     2 ||     4
 Stab: Sleeping          |     4 |       ||     4
Armor: Leather armour    |    37 |    39 ||    76
Dodge: Dodged            |    51 |    53 ||   104

Table legend: (Time is in decaauts)
 A = Elapsed time spent in this place.
 B = Non-inter-level travel time spent in this place.
 C = Inter-level travel time spent in this place.
 D = Time resting spent in this place.
 E = Time spent auto-exploring this place.
 F = Levels seen in this place.
 G = Mean time per level.
                   A        B        C        D        E       F      G
               +--------+--------+--------+--------+--------+-----+--------+
         Total |   3373 |   3219 |    154 |    248 |   2451 |   4 |  843.2 |
       Dungeon |   3373 |   3219 |    154 |    248 |   2451 |   4 |  843.2 |
               +--------+--------+--------+--------+--------+-----+--------+

Top non-repeatable levels by time:
     D:3: 1589 daAuts
     D:2: 760 daAuts
     D:1: 724 daAuts
     D:4: 299 daAuts
